 Dungeon Crawl Stone Soup version 0.21-a0-221-gfe971b9 (webtiles) character file.

317 Moloch the Poker (level 6, 0/47 HPs)
             Began as a Mummy Fighter on Aug 26, 2017.
             Slain by a river rat (2 damage)
             ... summoned by Eustachio
             ... on level 4 of the Dungeon.
             The game lasted 00:04:53 (2838 turns).

Moloch the Poker (Mummy Fighter)                    Turns: 2838, Time: 00:04:54

Health: 0/47       AC: 17    Str: 19    XL:     6   Next: 20%
Magic:  6/6        EV:  3    Int:  7    God:
Gold:   102        SH:  9    Dex: 14    Spells: 5/5 levels left

rFire    x . .     SeeInvis .   a - +0 trident
rCold    + . .     Gourm    .   c - +0 shield
rNeg     + + +     Faith    .   e - +4 plate armour
rPois    ∞         Spirit   .   i - +0 helmet
rElec    .         Reflect  .   d - scarf {repulsion}
rCorr    .         Harm     .   h - +0 pair of gloves
MR       .....                  (no boots)
Stlth    ..........             (no amulet)
HPRegen  0.15/turn              (no ring)
MPRegen  0.10/turn              (no ring)

@: repel missiles
A: no food or potions, fire vulnerability, cold resistance 1, negative energy
resistance 3, torment resistance, unbreathing
a: no special abilities


You were on level 4 of the Dungeon.
You were not hungry.

You visited 1 branch of the dungeon, and saw 5 of its levels.
You also visited: Sewer.

You collected 102 gold pieces.

Inventory:

Hand Weapons
 a - a +0 trident (weapon)
Armour
 c - a +0 shield (worn)
 d - a scarf of repulsion (worn)
 e - a +4 plate armour (worn)
 h - a +0 pair of gloves (worn)
 i - a +0 helmet (worn)
Scrolls
 b - a scroll of enchant weapon {unknown}
 f - a scroll of enchant armour
 g - 2 scrolls of identify
 j - 2 scrolls of remove curse
 k - a scroll of amnesia


   Skills:
 - Level 3.0 Fighting
 + Level 5.5 Polearms
 - Level 2.4 Armour
 - Level 2.4 Shields


You had 5 spell levels left.
You didn't know any spells.

Dungeon Overview and Level Annotations

Branches:
Dungeon (5/15)
 Temple: D:4-7

Altars:
Dithmenos

Annotations:
D:4 1 runed door, Eustachio; p0werm0de's ghost, amateur DgNe


Innate Abilities, Weirdness & Mutations

You do not eat or drink.
Your flesh is vulnerable to fire.
You are immune to poison.
Your flesh is cold resistant. (rC+)
You are immune to negative energy. (rN+++)
You are immune to unholy pain and torment.
You can survive without breathing.


Message History

* * * LOW HITPOINT WARNING * * *
The river rat bites you.
* * * LOW HITPOINT WARNING * * *
As you read the scroll labeled QEGAUT SICAT, it crumbles to dust.
You feel aware of your surroundings.
You sensed 1 altar.
It was a scroll of magic mapping.
The bat barely misses you. The quokka completely misses you.
The white imp hits you but does no damage.
The river rat bites you.
* * * LOW HITPOINT WARNING * * *
As you read the scroll labeled IHIEXAN UTSE, it crumbles to dust.
You hear a loud clanging noise!
It was a scroll of noise.
You block the bat's attack.
The quokka twitches its whiskers.
You block the quokka's attack.
Eustachio gestures wildly while chanting.
Eustachio blinks!
The white imp hits you but does no damage.
The river rat bites you.
You die...

**,,,*,,...........r
*******#.#.##..##.@
#.#..@r####>
#.#..#.###..
#..r#.......
########.......#≈..
#.§..).#.#.....≈≈≈≈
#rr5b......[.#≈≈≈≈≈
#.@..(...#....≈≈≈≈≈
#####b(.##....≈≈≈.≈
#.........#..≈≈≈≈≈
#.........#.#≈≈≈≈≈
#.............≈≈≈≈
##########....#..≈
##....... ######.#
#..


You could see a river rat, a white imp, a quokka and 2 bats.

Vanquished Creatures
  A phantom (D:4)
  A big kobold (Sewer)
  An orc priest (D:3)
  An orc wizard (D:3)
  2 adders (D:3)
  An ooze (D:4)
  2 worms
  2 leopard geckos
  6 orcs
  4 bats
  2 giant cockroaches
  7 goblins
  6 hobgoblins
  7 jackals
  A quokka (D:3)
  A ball python (D:4)
  3 frilled lizards
  13 kobolds
  10 rats
71 creatures vanquished.

Notes
Turn   | Place    | Note
-------+----------+-------------------------------------------
     0 | D:1      | Moloch the Mummy Fighter began the quest for the Orb.
     0 | D:1      | Reached XP level 1. HP: 18/18 MP: 1/1
   472 | D:1      | Reached skill level 2 in Polearms
   592 | D:1      | Reached XP level 2. HP: 24/24 MP: 2/2
  1098 | D:2      | Found a shadowy altar of Dithmenos.
  1270 | D:3      | Reached XP level 3. HP: 26/29 MP: 3/3
  1333 | D:3      | Reached skill level 3 in Polearms
  1841 | D:3      | Reached XP level 4. HP: 35/35 MP: 4/4
  1966 | D:3      | Reached skill level 4 in Polearms
  2184 | D:4      | Noticed a phantom
  2198 | D:4      | Killed a phantom
  2198 | D:4      | Reached XP level 5. HP: 41/41 MP: 5/5
  2208 | D:4      | Noticed Eustachio
  2273 | D:3      | Reached skill level 5 in Polearms
  2287 | D:4      | Found a glowing drain.
  2288 | D:4      | Noticed p0werm0de's ghost (amateur DgNe)
  2304 | Sewer    | Entered a sewer
  2438 | Sewer    | Reached XP level 6. HP: 46/47 MP: 6/6
  2474 | Sewer    | Found a glowing silver altar of Zin.
  2614 | D:4      | Found a runed door.
  2680 | D:5      | Entered Level 5 of the Dungeon
  2837 | D:4      | HP: 1/47 [river rat[Eustachio] (5)]
  2838 | D:4      | Slain by a river rat

Vault maps used:
D:1:      dpeg_arrival_connections, bh_walls_and_bars
D:2:      grunt_dithmenos_smoke
D:3:      first_bread, st_stairs_9
D:4:      kennysheep_vampire_church, cheibrodos_sewer_entry_drain,
          uniq_crazy_yiuf_cottage, uniq_eustachio
D:5:      grunt_temple_overflow_champion_of_chaos,
          minmay_temple_entry_nine_rooms, minmay_fountain_box,
          kennysheep_generic_room_11
Sewer:    sewer_kobolds

Skill      XL: |  1  2  3  4  5 |
---------------+----------------+-----
Polearms       | 2 3 4 5 |  5.5
Fighting       | |  3.0
Armour         | |  2.4
Shields        | |  2.4

Action                   |  1- 3 |  4- 6 || total
-------------------------+-------+-------++-------
Melee: Trident           |   190 |   222 ||   412
  Use: Scroll            |       |     5 ||     5
Armor: Plate armour      |   125 |   194 ||   319
Dodge: Dodged            |    14 |    34 ||    48
       Deflected         |       |     3 ||     3
Block: Shield            |    70 |   111 ||   181

Table legend:
 A = Spawn XP
 B = Non-spawn XP
 C = Spawn XP percentage of total XP
 D = Spawn monster count
 E = Non-spawn monster count
 F = Spawn count percentage of total count
 G = Total turns spent on level
                    A         B        C        D         E        F      G
               +---------+---------+-------+---------+---------+-------+---------
         Total |      55 |     398 |  12.1 |      12 |      59 |  16.9 |  2838
               +---------+---------+-------+---------+---------+-------+---------
           D:1 |       4 |       8 |  33.3 |       3 |       6 |  33.3 |   640
           D:2 |       0 |      19 |   0.0 |       0 |      10 |   0.0 |   556
           D:3 |      51 |     110 |  31.7 |       9 |      24 |  27.3 |  1113
           D:4 |       0 |     141 |   0.0 |       0 |       7 |   0.0 |   316
         Sewer |       0 |     120 |   0.0 |       0 |      12 |   0.0 |   206
               +---------+---------+-------+---------+---------+-------+---------
